 Dungeon Crawl Stone Soup version 0.28-a0-410-gbef64dd269 (webtiles) character file.

Game seed: 12370853353171510984

0 bande the Covered (level 1, -2/14 HPs)
             Began as a Gargoyle Fighter on Sept 7, 2021.
             Frozen to death by an endoplasm (5 damage)
             ... on level 1 of the Dungeon.
             The game lasted 00:00:07 (75 turns).

bande the Covered (Gargoyle Fighter)                  Turns: 75, Time: 00:00:08

Health: -2/14      AC:  9    Str: 19    XL:     1   Next: 10%
Magic:  1/1        EV:  9    Int:  8    God:
Gold:   0          SH:  4    Dex:  9    Spells: 0/0 levels left

rFire   . . .      SeeInvis .   a - +0 war axe
rCold   . . .      Faith    .   c - +0 buckler
rNeg    + . .      Spirit   .   b - +0 scale mail
rPois   ∞          Reflect  .   (no helmet)
rElec   +          Harm     .   (no cloak)
rCorr   .          Rampage  .   (no gloves)
Will    .....                   (no boots)
Stlth   ..........              (no amulet)
HPRegen 0.04/turn               (no ring)
MPRegen 0.07/turn               (no ring)

@: no status effects
A: sickness immunity, AC +2, negative energy resistance 1, electricity
resistance, torment resistance 1, petrification resistance
a: no special abilities


You were on level 1 of the Dungeon.
You visited 1 branch of the dungeon, and saw 1 of its levels.

Inventory:

Hand Weapons
 a - a +0 war axe (weapon)
Armour
 b - a +0 scale mail (worn)
 c - a +0 buckler (worn)
Potions
 d - a potion of might


   Skills:
 + Level 3.3 Fighting
 + Level 1.7 Axes
 + Level 3.3 Armour
 + Level 3.3 Shields


You couldn't memorise any spells.
You didn't know any spells.
Your spell library was empty.

Dungeon Overview and Level Annotations

Branches:
Dungeon (1/15)

Altars:


Innate Abilities, Weirdness & Mutations

You are immune to sickness and miasma.
Your stone body is resilient. (AC +2)
You are immune to poison.
You resist negative energy. (rN+)
You are resistant to electric shocks. (rElec)
You are resistant to unholy torment.
You are immune to petrification.


Message History

You completely miss the kobold. The kobold hits you but does no damage.
You slash the kobold!
You kill the kobold!
No target in view!
No target in view!
No target in view!
No target in view!
No target in view!
HP restored.
You see here a +0 short sword.
Found a club.
You see here a +0 club.
An endoplasm comes into view.
The endoplasm quivers.
The endoplasm freezes you.
You are frozen.
You hit the endoplasm.
The endoplasm is lightly wounded.
The endoplasm barely misses you.
You barely miss the endoplasm.
The endoplasm is lightly wounded.
The endoplasm freezes you.
You are frozen.
You are too injured to fight recklessly!
You are too injured to fight recklessly!
You are too injured to fight recklessly!
You are too injured to fight recklessly!
You are too injured to fight recklessly!
You are too injured to fight recklessly!
You are too injured to fight recklessly!
You are too injured to fight recklessly!
You are too injured to fight recklessly!
You hit the endoplasm.
The endoplasm is moderately wounded.
The endoplasm freezes you.
You are frozen.
* * * LOW HITPOINT WARNING * * *
The endoplasm freezes you.
You are frozen.
You die...

### ..# ##### #.# ###
##..)###.# ..#
##.###.##.##########
#.###...........@J......
#...........#.##########
.......#.##....#
#)####.#.......# ..#
##...#..... ..#
#####.#.### P.# #.#.#
#.# #.#.# ≈.#


You could see an endoplasm.

Vanquished Creatures
  A kobold (D:1)
1 creature vanquished.

Notes
Turn   | Place    | Note
-------+----------+-------------------------------------------
     0 | D:1      | bande the Gargoyle Fighter began the quest for the Orb.
     0 | D:1      | Reached XP level 1. HP: 14/14 MP: 1/1
    75 | D:1      | Frozen to death by an endoplasm

Illustrated notes

Levels and vault maps discovered:
D:1:      eino_arrival_water_cross, layout_loops_ring, minmay_tetromino_l4

Action                   || total
-------------------------++-------
Melee: War axe           ||     8
Armor: Scale mail        ||     5
Dodge: Dodged            ||     1

Table legend: (Time is in decaauts)
 A = Elapsed time spent in this place.
 B = Non-inter-level travel time spent in this place.
 C = Inter-level travel time spent in this place.
 D = Time resting spent in this place.
 E = Time spent auto-exploring this place.
 F = Levels seen in this place.
 G = Mean time per level.
                   A        B        C        D        E       F      G
               +--------+--------+--------+--------+--------+-----+--------+
         Total |     77 |     77 |      0 |      0 |     59 |   1 |   77.0 |
       Dungeon |     77 |     77 |      0 |      0 |     59 |   1 |   77.0 |
               +--------+--------+--------+--------+--------+-----+--------+

Top non-repeatable levels by time:
     D:1: 77 daAuts
